 Dungeon Crawl Stone Soup version 0.30-a0-859-gf88a04b62d (webtiles) character file.

Game seed: 16839958907739815236

305 Juicyj the Chiller (level 6, 0/41 HPs)
             Began as a Merfolk Ice Elementalist on Mar 6, 2023.
             Slain by baller8008's ghost (9 damage)
             ... on level 4 of the Dungeon.
             The game lasted 00:06:50 (3446 turns).

Juicyj the Chiller (Merfolk Ice Elementalist)       Turns: 3446, Time: 00:06:50

Health: 0/41       AC:  7    Str:  9    XL:     6   Next: 39%
Magic:  9/9        EV: 15    Int: 16    God:
Gold:   317        SH:  4    Dex: 19    Spells: 2/11 levels left

rFire   . . .      SeeInvis .    i - +3 dagger (venom)
rCold   . . .      Faith    .    (no shield)
rNeg    . . .      Spirit   .    h - +1 robe of Philately {Fly rElec Dex+5}
rPois   .          Reflect  .    (no helmet)
rElec   +          Rampage  .    (no cloak)
rCorr   .                        (no gloves)
Will    .....                    (no boots)
Stlth   +++                      m - amulet of magic regeneration
HPRegen 0.26/turn                k - +4 ring of protection
MPRegen 0.51/turn                (no ring)

@: flying
A: (nimble swimmer 2), mertail, large bone plates 1, low MP 1, wild magic 1,
MP-powered wands
a: no special abilities


You were on level 4 of the Dungeon.
You visited 1 branch of the dungeon, and saw 4 of its levels.

You collected 317 gold pieces.

Inventory:

Hand Weapons
 i - a +3 dagger of venom (weapon)
Armour
 a - a +0 robe
 h - the +1 robe of Philately (worn) {Fly rElec Dex+5}
   (You found it on level 2 of the Dungeon)

   Dex:       It affects your dexterity (+5).
   rElec:     It insulates you from electricity.
   Fly:       It grants you flight.
Jewellery
 c - an amulet of guardian spirit
 j - a +6 ring of strength
 k - a +4 ring of protection (left hand)
 m - an amulet of magic regeneration (around neck)
Wands
 o - a wand of polymorph (7)
Scrolls
 d - a scroll of noise
 l - a scroll of vulnerability {unknown}
 n - a scroll of teleportation
 p - a scroll of poison
 q - a scroll of amnesia
Potions
 b - a potion of magic
 e - 4 potions of curing
 f - a potion of ambrosia
 g - 2 potions of flight


   Skills:
 + Level 4.8 Dodging
 + Level 4.2 Stealth
 + Level 3.3 Spellcasting
 + Level 5.6 Ice Magic


You had 2 spell levels left.
You knew the following spells:

 Your Spells              Type           Power      Damage    Failure   Level
a - Freeze                Ice            100%       1d10      3%          1
b - Frozen Ramparts       Ice            52%        1d8       9%          3
c - Ozocubu's Armour      Ice            26%        N/A       9%          3
d - Ensorcelled Hibernat  Hex/Ice        30%        N/A       13%         2

Your spell library contained the following spells:

 Spells                   Type           Power      Damage    Failure   Level
 Lesser Beckoning         Tloc           6%         N/A       34%         2
 Gell's Gravitas          Tloc           3%         N/A       56%         3
 Spider Form              Tmut/Pois      3%         N/A       56%         3
 Teleport Other           Tloc           3%         N/A       56%         3
 Summon Ice Beast         Ice/Summ       15%        N/A       58%         4
 Anguish                  Hex/Necr       1%         N/A       91%         4


Dungeon Overview and Level Annotations

Branches:
Dungeon (4/15)
 Temple: D:4-7

Altars:
Kikubaaqudgha

Annotations:
D:4 baller8008's ghost, novice MiFi


Innate Abilities, Weirdness & Mutations

((You are very nimble when in or above water. (Stealth+, EV+, Speed+++)))
Your lower body shifts to a powerful aquatic tail in water.
You are partially covered in large bone plates. (SH +4)
Your magical capacity is low. (-10% MP)
Your spells are a little harder to cast, but a little more powerful.
You expend magic power (3 MP) to strengthen your wands.


Message History

You closely miss baller8008's ghost.
Baller8008's ghost is lightly damaged.
The wall freezes baller8008's ghost but does no damage.
Baller8008's ghost barely misses you.
You hit baller8008's ghost but do no damage.
Baller8008's ghost is lightly damaged.
The wall freezes baller8008's ghost.
You block baller8008's ghost's attack.
You hit baller8008's ghost but do no damage.
Baller8008's ghost is lightly damaged.
The wall freezes baller8008's ghost.
Baller8008's ghost hits you! Baller8008's ghost freezes you.
You hit baller8008's ghost.
Baller8008's ghost is lightly damaged.
The wall freezes baller8008's ghost!
Baller8008's ghost hits you!
* * * LOW HITPOINT WARNING * * *
Baller8008's ghost freezes you.
* * * LOW HITPOINT WARNING * * *
Aiming: Polymorph
Press: ? - help, Q - select action, (/) - cycle Shift-Dir - straight line, f - baller8008's ghost
Aim: baller8008's ghost, wielding a weapon of freezing (moderately damaged, not susceptible)
Okay, then.
You feel much better.
The wall freezes baller8008's ghost.
Baller8008's ghost hits you! Baller8008's ghost freezes you.
You hit baller8008's ghost.
Baller8008's ghost is heavily damaged.
The wall freezes baller8008's ghost.
You block baller8008's ghost's attack.
You completely miss baller8008's ghost.
Baller8008's ghost is heavily damaged.
The wall freezes baller8008's ghost.
Baller8008's ghost hits you. Baller8008's ghost freezes you.
You barely miss baller8008's ghost.
Baller8008's ghost is heavily damaged.
The frozen ramparts melt away.
Baller8008's ghost barely misses you. Baller8008's ghost hits you.
* * * LOW HITPOINT WARNING * * *
Baller8008's ghost freezes you.
* * * LOW HITPOINT WARNING * * *
Baller8008's ghost attacks as you move away!
Baller8008's ghost hits you!
You die...

##.#####....#
#.####........#..##
#.# ######
#.#~##........##..#
#.#
#.#(#.........###.#
#.#
####.#~##........###.#
#.#
#....#~#.......#^.....
#.#
#.#.##~#######.#.####.
#.# #.#.##†###
#.#.#<... #.#
#.#..#W#.# #.#.#.##.
#.# #.##.@...#
#.#>#.#.) #)#
#.######## #.....#.#
#.# #.# #.....#.# ##.#
#.# #.....#.# ...# #.#
#.....#.# #### #.#
#.....#.# #.#
#.....#.# #.#
#.......# #.#
#....####


You could see baller8008's ghost.

Vanquished Creatures
  A scorpion (D:4)
  An orc priest (D:4)
  Ijyb (D:4)
  An iguana (D:4)
  An orc wizard (D:3)
  4 adders
  A worm (D:3)
  3 dart slugs (D:2)
  11 orcs
  9 bats
  7 endoplasms
  5 giant cockroaches
  10 goblins
  6 hobgoblins
  3 jackals (D:2)
  2 quokkas
  6 ball pythons
  5 frilled lizards
  4 kobolds
  10 rats
91 creatures vanquished.

Notes
Turn   | Place    | Note
-------+----------+-------------------------------------------
     0 | D:1      | Juicyj the Merfolk Ice Elementalist began the quest for the
                  | Orb.
     0 | D:1      | Reached XP level 1. HP: 13/13 MP: 3/3
   188 | D:1      | Reached XP level 2. HP: 18/19 MP: 0/5
   372 | D:1      | Found a faded altar of an unknown god.
   742 | D:1      | Reached XP level 3. HP: 24/24 MP: 3/6
   882 | D:1      | Gained mutation: Your magical capacity is low. (-10% MP)
                  | [potion of mutation]
   882 | D:1      | Gained mutation: You expend magic power (3 MP) to
                  | strengthen your wands. [potion of mutation]
   882 | D:1      | Gained mutation: Your spells are a little harder to cast,
                  | but a little more powerful. [potion of mutation]
   882 | D:1      | Gained mutation: You are partially covered in large bone
                  | plates. (SH +4) [potion of mutation]
  1203 | D:2      | Learned a level 3 spell: Frozen Ramparts
  1351 | D:2      | Identified the +1 robe of Philately {Fly rElec Dex+5}
  1387 | D:2      | Found an ancient bone altar of Kikubaaqudgha.
  1607 | D:2      | Reached XP level 4. HP: 30/30 MP: 7/7
  1611 | D:2      | Learned a level 3 spell: Ozocubu's Armour
  2105 | D:3      | Reached skill level 5 in Ice Magic
  2317 | D:3      | Reached XP level 5. HP: 35/35 MP: 8/8
  2622 | D:4      | Identified the +0 scale mail "Poep" {Rampage rElec Int+2}
  2727 | D:4      | Learned a level 2 spell: Ensorcelled Hibernation
  2881 | D:4      | Noticed Ijyb
  2889 | D:4      | Killed Ijyb
  3010 | D:4      | Reached XP level 6. HP: 20/41 MP: 9/9
  3427 | D:4      | Found a runed translucent door.
  3430 | D:4      | Noticed baller8008's ghost (novice MiFi)
  3446 | D:4      | Slain by baller8008's ghost

Illustrated notes

Levels and vault maps discovered:
D:1:      dpeg_arrival_subterranean_lakeside_camping, layout_loops_ring,
          hellmonk_ecumenical_altar_zigzags
D:2:      layout_rooms, basic_altar
D:3:      layout_loops_ring
D:4:      layout_basic, ebering_ghost_sewer_d, corexii_item_surrounded_by_moat,
          uniq_ijyb

Skill      XL: |  1  2  3  4  5 |
---------------+----------------+-----
Dodging        | 3 4 |  4.8
Stealth        | 3 4 |  4.2
Ice Magic      | 5 |  5.6
Spellcasting   | 3 |  3.3

Action                     |  1- 3 |  4- 6 || total
---------------------------+-------+-------++-------
  Melee: Unarmed           |     7 |       ||     7
         Dagger            |    41 |    97 ||   138
         Punch             |       |     1 ||     1
   Cast: Freeze            |    49 |     3 ||    52
         Frozen Ramparts   |       |     4 ||     4
    Use: Potion            |     5 |     3 ||     8
         Scroll            |     2 |     7 ||     9
   Stab: Sleeping          |     6 |     7 ||    13
 Armour: Robe              |    25 |    19 ||    44
  Dodge: Dodged            |    69 |    56 ||   125
  Block: Other             |     4 |    15 ||    19

Table legend: (Time is in decaauts)
 A = Elapsed time spent in this place.
 B = Non-inter-level travel time spent in this place.
 C = Inter-level travel time spent in this place.
 D = Time resting spent in this place.
 E = Time spent auto-exploring this place.
 F = Levels seen in this place.
 G = Mean time per level.
                   A        B        C        D        E       F      G
               +--------+--------+--------+--------+--------+-----+--------+
         Total |   3435 |   3293 |    142 |    113 |   2508 |   4 |  858.8 |
       Dungeon |   3435 |   3293 |    142 |    113 |   2508 |   4 |  858.8 |
               +--------+--------+--------+--------+--------+-----+--------+

Top non-repeatable levels by time:
     D:1: 1183 daAuts
     D:4: 925 daAuts
     D:3: 749 daAuts
     D:2: 575 daAuts
